 Dungeon Crawl Stone Soup version 0.32-a0-17-gb74e046682 (webtiles) character file.

Game seed: 10504164907306305746

31 cforsyth the Changeling (level 3, -18/36 HPs)
             Began as an Oni Shapeshifter on Jan 15, 2024.
             Killed from afar by Ijyb (21 damage)
             ... with a bolt of light
             ... on level 3 of the Dungeon.
             The game lasted 00:01:46 (1194 turns).

cforsyth the Changeling (Oni Shapeshifter)          Turns: 1194, Time: 00:01:46

Health: -18/36     AC:  3    Str: 26    XL:     3   Next: 22%
Magic:  3/3        EV: 10    Int:  6    God:
Gold:   79         SH:  0    Dex: 14    Spells: 2/2 levels left

rFire   . . .        r - +4 mace of Karma {spect, rN+ Str+6 Int-5 Stlth+}
rCold   . . .        (no shield)
rNeg    + . .        a - +0 animal skin
rPois   .            (helmet currently unavailable)
rElec   .            (cloak currently unavailable)
rCorr   .            (gloves unavailable)
SInv    .            (boots unavailable)
Will    .....        (no amulet)
Stlth   ++           q - +6 ring of dexterity
HPRegen 0.26/turn    o - ring of wizardry
MPRegen 0.08/turn

%: wizardry (x1)
@: beast-form
A: beast (slay +1), large, unfitting armour, horns 1, tough skin 1, double
potion healing, drunken brawling
a: Begin Untransformation


You were on level 3 of the Dungeon.
You were a hulking beast.
You visited 1 branch of the dungeon, and saw 3 of its levels.

You collected 79 gold pieces.

Inventory:

Hand Weapons
 r - the +4 mace of Karma (weapon) {spect, rN+ Str+6 Int-5 Stlth+}
   (You found it on level 2 of the Dungeon)

   Str+6:     It affects your strength (+6).
   Int-5:     It affects your intelligence (-5).
   rN+:       It protects you from negative energy.
   Stlth+:    It makes you more stealthy.
Armour
 a - a +0 animal skin (worn)
Jewellery
 o - a ring of wizardry (right hand)
 q - a +6 ring of dexterity (left hand)
Talismans
 c - a beast talisman
 d - a flux talisman
Scrolls
 f - a scroll of identify {unknown}
 g - 3 scrolls of teleportation {unknown}
 h - a scroll of fear {unknown}
 i - a scroll of poison {unknown}
 l - a scroll of fog {unknown}
 m - a scroll of amnesia {unknown}
Potions
 b - a potion of lignification
 e - 2 potions of mutation {unknown}
 j - a potion of ambrosia {unknown}
 k - 3 potions of might {unknown}
 n - 2 potions of heal wounds {unknown}
 p - 2 potions of magic {unknown}


   Skills:
 + Level 2.6 Fighting
 - Level 1.7 Dodging
 - Level 3.1 Unarmed Combat
 + Level 3.3 Shapeshifting


You had 2 spell levels left.
You didn't know any spells.
Your spell library was empty.

Dungeon Overview and Level Annotations

Branches:
Dungeon (3/15)

Altars:
Dithmenos

Annotations:
D:3 Ijyb


Innate Abilities, Weirdness & Mutations

You are a hulking beast.
Your limbs bulge with bestial killing power. (Slay +1)
You are too large for most types of armour.
You have a pair of small horns on your head.
You have tough skin. (AC +1)
You gain doubled healing and magic from potions.
Whenever you drink a healing potion, you attack all around you.


Message History

A giant cockroach is nearby!
Ijyb the Twisted Goblin comes into view.
She is wielding a +0 dagger and carrying a wand of light.
Found a scroll labelled ECZAIHEUVUN.
Found a shadowy altar of Dithmenos.
Ijyb shouts!
You sock the giant cockroach!
You kill the giant cockroach!
You hit Ijyb. Your headbutt misses Ijyb.
Ijyb is moderately wounded.
Your +4 mace of Karma {spect, rN+ Str+6 Int-5 Stlth+} misses Ijyb.
Ijyb hits you with a +0 dagger.
You completely miss Ijyb. You headbutt Ijyb.
Ijyb is moderately wounded.
Your +4 mace of Karma {spect, rN+ Str+6 Int-5 Stlth+} completely misses Ijyb.
Ijyb zaps a wand.
The bolt of light hits you! Ijyb barely misses you.
You are too injured to fight recklessly!
You are too injured to fight recklessly!
You hit Ijyb.
Ijyb is heavily wounded.
Your +4 mace of Karma {spect, rN+ Str+6 Int-5 Stlth+} hits Ijyb!
Ijyb zaps a wand.
The bolt of light hits your +4 mace of Karma {spect, rN+ Str+6 Int-5 Stlth+}!
Your spectral weapon shares its damage with you!
* * * LOW HITPOINT WARNING * * *
You hear a shout!
You barely miss Ijyb. You headbutt Ijyb, but do no damage.
Ijyb is severely wounded.
Your +4 mace of Karma {spect, rN+ Str+6 Int-5 Stlth+} barely misses Ijyb.
Ijyb hits you but does no damage. Ijyb hits you with a +0 dagger.
* * * LOW HITPOINT WARNING * * *
You hit Ijyb but do no damage.
Ijyb is severely wounded.
Your +4 mace of Karma {spect, rN+ Str+6 Int-5 Stlth+} hits Ijyb but does no damage.
Ijyb hits you with a +0 dagger.
* * * LOW HITPOINT WARNING * * *
You closely miss Ijyb.
Ijyb is severely wounded.
Your +4 mace of Karma {spect, rN+ Str+6 Int-5 Stlth+} barely misses Ijyb.
Ijyb zaps a wand.
The bolt of light hits you!!
Ouch! That really hurt!
You die...

.._?.. ...
...... .. .....
.. #... #. ##..
..##.##..# #
.......†.## ...
#.....#.....
#.<#h.......
#.#..g....##.
#....(.......
.....####......
#.#.P ..#### .
#.. ..# #.. .#
#.. .#


You could see Ijyb and a friendly +4 mace of Karma {spect, rN+ Str+6 Int-5
Stlth+}.

Vanquished Creatures
  2 endoplasms
  A giant cockroach (D:3)
  5 goblins
  5 hobgoblins (D:1)
  3 quokkas (D:1)
  3 ball pythons
  3 bats (D:1)
  A kobold (D:1)
  4 rats
27 creatures vanquished.

Notes
Turn   | Place    | Note
-------+----------+-------------------------------------------
     0 | D:1      | cforsyth the Oni Shapeshifter began the quest for the Orb.
     0 | D:1      | Reached XP level 1. HP: 19/19 MP: 1/1
    89 | D:1      | Reached XP level 2. HP: 21/28 MP: 2/2
   157 | D:1      | Found a faded altar of an unknown god.
   717 | D:2      | Reached XP level 3. HP: 32/36 MP: 3/3
   739 | D:2      | Identified the +7 quarterstaff of Zaiz {flame, *Slow rN+
                  | Int+3}
   957 | D:2      | Identified the +4 mace of Karma {spect, rN+ Str+6 Int-5
                  | Stlth+}
  1186 | D:3      | Found a shadowy altar of Dithmenos.
  1186 | D:3      | Noticed Ijyb
  1194 | D:3      | Killed from afar by Ijyb

Illustrated notes

Levels and vault maps discovered:
D:1:      roderic_crossed_star, layout_basic,
          shapermc_ecumenical_altar_mp_urbaneastern
D:2:      layout_basic
D:3:      corexii_shack_village, layout_loops_ring,
          nicolae_dithmenos_shadow_blocks, uniq_jessica, uniq_ijyb

Skill      XL: |  1  2 |
---------------+-------+-----
Fighting       | 2 |  2.6
Unarmed Combat | 3 |  3.1
Dodging        | |  1.7
Shapeshifting  | |  3.3

Action                     || total
---------------------------++-------
  Melee: Unarmed           ||    62
         Headbutt          ||     4
         Punch             ||     2
         Mace              ||     7
 Armour: Animal skin       ||    37
  Dodge: Dodged            ||    24

Table legend: (Time is in decaauts)
 A = Elapsed time spent in this place.
 B = Non-inter-level travel time spent in this place.
 C = Inter-level travel time spent in this place.
 D = Time resting spent in this place.
 E = Time spent auto-exploring this place.
 F = Levels seen in this place.
 G = Mean time per level.
                   A        B        C        D        E       F      G
               +--------+--------+--------+--------+--------+-----+--------+
         Total |   1190 |   1126 |     64 |      0 |    960 |   3 |  396.7 |
       Dungeon |   1190 |   1126 |     64 |      0 |    960 |   3 |  396.7 |
               +--------+--------+--------+--------+--------+-----+--------+

Top non-repeatable levels by time:
     D:1: 634 daAuts
     D:2: 545 daAuts
     D:3: 11 daAuts
